AoeStats
← Cleopatra

Black Forest

510355684Analyzed
4v4 RM · 18h ago on Sep 30, 2026· 29m 9s· 8 players
Game mode
Random Map
Map size
Large (8 player)
Population
200
Speed
Normal
Resources
Standard
Victory
Conquest
Starting age
Dark Age
Ending age
Imperial Age
RankedLock teamsTeams togetherTeam positionsShared explorationLock speedFull tech treeHidden civsTurbo modeCheats
Victory
Defeat
🇯🇵 Magyars · Japan
1347
+12
🇦🇷 Poles · Argentina
1284
+14
🇹🇼 Burmese · Taiwan
1228
+17
1203
+18
🇷🇴 Malay · Romania
1315
-18
🇹🇷 Huns · Türkiye
1270
-16
🇫🇷 Mongols · France
1209
-14
🇹🇷 Inca · Türkiye
1193
-13
yoyofdu38
10:26 Feudal Age
9:30 Loom
11:33 Double-Bit Axe
13:23 Wheelbarrow
Lwk
0:26 Loom
12:42 Feudal Age
15:26 Double-Bit Axe
21:50 Castle Age
20:58 Gold Mining
21:52 Bow Saw
26:57 Gold Shaft Mining
yenese
7:42 Loom
11:27 Feudal Age
15:25 Castle Age
14:23 Fishing Lines
15:41 Double-Bit Axe
15:36 Horse Collar
sweetyboy
0:47 Loom
11:45 Feudal Age
boom n type gg noob team
1:50 Loom
10:50 Feudal Age
11:20 Double-Bit Axe
11:17 Horse Collar
16:37 Gold Mining
17:24 Stone Mining
18:29 Fishing Lines
20:56 Castle Age
22:03 Bow Saw
22:03 Heavy Plow
22:00 Gillnets
24:21 Wheelbarrow
23:25 Pikeman
24:06 Squires
23:51 Arson
25:30 Forging
26:17 Hand Cart
27:03 Scale Mail Armor
27:00 Arson
27:15 Squires
28:22 Chain Mail Armor
28:43 Iron Casting
Cleopatra
11:33 Feudal Age
15:49 Castle Age
13:59 Double-Bit Axe
17:28 Wheelbarrow
17:42 Horse Collar
21:51 Husbandry
22:01 Bloodlines
22:06 Scale Barding Armor
22:21 Bow Saw
23:31 Forging
25:03 Iron Casting
26:54 Gold Mining
27:30 Loom
野豬騎士來囉
1:12 Loom
14:06 Feudal Age
18:20 Castle Age
19:20 Wheelbarrow
19:11 Horse Collar
30:33 Imperial Age
28:15 Scale Barding Armor
28:21 Forging
28:45 Gold Mining
28:46 Stone Mining
29:18 Hand Cart
29:57 Chain Barding Armor
claretta's skirt
12:15 Feudal Age
13:23 Double-Bit Axe
16:26 Castle Age
15:33 Fishing Lines
17:35 Bow Saw
18:19 Horse Collar
20:31 Heavy Plow
22:30 Wheelbarrow
21:54 Gold Mining
22:08 Gillnets
28:46 Imperial Age
26:34 Hand Cart
26:06 Loom
27:47 Scale Barding Armor
28:45 Bloodlines
28:36 Husbandry
28:59 Chain Barding Armor
28:52 Cavalier
30:19 Plate Barding Armor
Connection lost

Rejoining the realm…

Still unreachable

The connection could not be restored.

Session expired

The server has moved on; the page needs a fresh start.